 Dungeon Crawl Stone Soup version 0.29-a0-997-gf6f7e2dfe7 (webtiles) character file.

Game seed: 6425112579096204084

9734 IdlyInterested the Spear-Bearer (level 11, -2/84 HPs)
             Began as a Demonspawn Fighter on Aug 4, 2022.
             Was an Initiate of Ashenzari.
             Slain by a skeletal warrior
             ... wielding a +0 dire flail
              (9 damage)
             ... while petrified by a basilisk
             ... on level 9 of the Dungeon.
             The game lasted 00:39:25 (10409 turns).

IdlyInterested the Spear-Bearer (DsFi)             Turns: 10409, Time: 00:39:25

Health: -2/84      AC: 20    Str: 31    XL:     11   Next: 26%
Magic:  0/11       EV:  2    Int: 13    God:    Ashenzari [......]
Gold:   136        SH:  0    Dex: 15    Spells: 10/10 levels left

rFire   . . .      SeeInvis .   S - +9 spear "Gikib" {elec, Drain Str+4 Int+4 Dex+2}
rCold   . . .      Faith    .   T - +2 buckler
rNeg    + + +      Spirit   +   G - +5 chain mail
rPois   ∞          Reflect  .   (helmet unavailable)
rElec   .          Harm     .   Y - +0 cloak
rCorr   .          Rampage  .   v - +2 pair of gloves
Will    .....                   (no boots)
Stlth   ..........              o - amulet of guardian spirit
HPRegen 0.24/turn               k - +6 ring of strength
MPRegen 0.12/turn               b - ring of flight

@: petrified, flying, studying 2 skills
A: horns 3, repulsion field 1, ignite blood 1, powered by pain 2
a: Renounce Religion, Curse Item


You were on level 9 of the Dungeon.
You worshipped Ashenzari.
Ashenzari was noncommittal.
You visited 2 branches of the dungeon, and saw 10 of its levels.
You also visited: Bailey.

You collected 695 gold pieces.
You spent 559 gold pieces at shops.

Inventory:

Hand Weapons
 a - a +1 trident of protection
 P - a +1 trident of venom
 S - the +9 spear "Gikib" (weapon) {elec, Drain Str+4 Int+4 Dex+2}
   (You took it off a gnoll sergeant on level 8 of the Dungeon)

   It occasionally discharges a powerful burst of electricity upon striking a
   foe.
   Str:       It affects your strength (+4).
   Int:       It affects your intelligence (+4).
   Dex:       It affects your dexterity (+2).
   Drain:     It drains your maximum health when unequipped.
 V - a +0 spear of venom
Missiles
 g - 3 curare-tipped darts (quivered)
Armour
 c - a +0 buckler
 h - the +3 leather armour "Tasi" {rC+ Str+3 Int-2}
   (You found it on level 2 of the Dungeon)

   Str:       It affects your strength (+3).
   Int:       It affects your intelligence (-2).
   rC:        It protects you from cold.
 l - a +0 plate armour
 v - a +2 pair of gloves (worn)
 y - a +2 robe of fire resistance
 A - a +0 plate armour
 G - a +5 chain mail (worn)
 K - a +0 pair of gloves
 M - +0 acid dragon scales
 Q - a +0 buckler
 R - a +3 ring mail
 T - a +2 buckler (worn)
 U - a +1 ring mail
 X - +2 steam dragon scales
 Y - a +0 cloak (worn)
Magical Staves
 d - a staff of death
 B - a staff of fire
 H - a staff of conjuration
Jewellery
 b - a ring of flight (right hand)
 e - a ring of flight
 k - a +6 ring of strength (left hand)
 o - an amulet of guardian spirit (around neck)
 L - a ring of resist corrosion
 O - the ring of Usukhlahe {Fly rPois rN+ Str+6 Dex-4}
   (You took it off a gnoll on level 8 of the Dungeon)

   [ring of strength]

   Str:       It affects your strength (+6).
   Dex:       It affects your dexterity (-4).
   rPois:     It protects you from poison.
   rN:        It protects you from negative energy.
   Fly:       It grants you flight.
Wands
 q - a wand of flame (18)
 D - a wand of paralysis (5)
 E - a wand of digging (5)
 N - a wand of polymorph (10)
Scrolls
 j - 2 scrolls of enchant weapon
 p - a scroll of immolation
 r - 4 scrolls of teleportation
 s - a scroll of fear
 u - 2 scrolls of amnesia
 C - a scroll of poison {unknown}
 F - a scroll of butterflies
 I - a scroll of acquirement
Potions
 f - a potion of invisibility
 i - 3 potions of curing
 m - a potion of cancellation
 n - 3 potions of brilliance
 t - 3 potions of mutation {unknown}
 w - a potion of haste
 x - 2 potions of berserk rage
 z - a potion of resistance
Miscellaneous
 J - a condenser vane (inert)
 W - a phial of floods (inert)


   Skills:
 + Level 7.4 Fighting
 + Level 12.9 Polearms
 - Level 2.0 Throwing
 + Level 7.0 Armour
 - Level 2.0 Dodging
 - Level 2.0 Stealth
 - Level 2.6 Shields
 - Level 2.0 Evocations


You had 10 spell levels left.
You didn't know any spells.
Your spell library contained the following spells:

 Spells                   Type           Power      Damage    Failure   Level
 Apportation              Tloc           0%         N/A       86%         1
 Static Discharge         Conj/Air       0%         3-3/arc   95%         2
 Dispel Undead            Necr           0%         3d6       100%        4
 Sticky Flame             Conj/Fire      0%         2d3       100%        4
 Alistair's Intoxication  Tmut/Pois      0%         N/A       100%        5
 Fireball                 Conj/Fire      0%         3d3       100%        5
 Starburst                Conj/Fire      0%         6d3       100%        6
 Ignition                 Fire           0%         3d3       100%        8


Dungeon Overview and Level Annotations

Branches:
Dungeon (9/15)             Temple (1/1) D:4          Bailey (visited)
   Lair: D:8-11         Orc: D:9-12

Altars:
Ashenzari
Cheibriados
Dithmenos
Fedhas
Gozag
Hepliaklqana
Kikubaaqudgha
Makhleb
Okawaru
Qazlal
Ru
Sif Muna
Trog
Vehumet
Wu Jian
Xom
Yredelemnul

Shops:
D:9 [

Annotations:
D:4 exclusion: oklob plant


Innate Abilities, Weirdness & Mutations

You have a pair of large horns on your head.
You are surrounded by a mild repulsion field. (EV +2)
Your demonic aura sometimes causes spilled blood to erupt in flames.
You sometimes gain power by taking damage.


Message History

The basilisk gazes at you.
You are slowing down.
The skeletal warrior hits you with a +0 dire flail!
* * * LOW HITPOINT WARNING * * *
You hit the skeletal warrior.
Lightning courses through the skeletal warrior!!
The skeletal warrior is heavily damaged.
The basilisk gazes at you. You resist with some effort.
Unknown command.
You closely miss the skeletal warrior.
The skeletal warrior is heavily damaged.
You block the basilisk's attack.
You block the skeletal warrior's attack.
The basilisk barely misses you.
Your limbs are stiffening.
You hit the skeletal warrior but do no damage.
The skeletal warrior is heavily damaged.
The basilisk gazes at you. You resist with some effort.
You block the skeletal warrior's attack.
The basilisk bites you but does no damage.
You have turned to stone.
The basilisk gazes at you.
The skeletal warrior hits you with a +0 dire flail!
* * * LOW HITPOINT WARNING * * *
The basilisk gazes at you. You resist with some effort.
The basilisk bites you but does no damage.
The skeletal warrior hits you with a +0 dire flail!
* * * LOW HITPOINT WARNING * * *
The basilisk bites you but does no damage.
The basilisk bites you but does no damage.
The skeletal warrior hits you but does no damage.
A basilisk comes into view.
The basilisk bites you but does no damage.
The basilisk hisses angrily.
The basilisk bites you!
* * * LOW HITPOINT WARNING * * *
The skeletal warrior hits you with a +0 dire flail!!
You die...

#..###..##......>.# #..#
#..##.<......# #.)#
#..##........# # #..#
#..##........# #. #..#
#..##........#
...###..###..##.........
.........))..##.........
........)....##.........
......l@###..##.......#.
......lz# #..##...###.#.
........###.......# #.#.
........##........# #.#.
........#.._..##..# #.##
..............##..# #.##
..l...........##..# #...
.......####...##..# #...
.. #...##..###..#


You could see a skeletal warrior and 3 basilisks.

Vanquished Creatures
  An orc warlord (Bailey)
  The ghost of JakeJacob the Basher, a novice DrBe of Trog (D:8)
  4 skeletal warriors (D:9)
  An orc knight (Bailey)
  Pikel (D:5)
  Maggie (D:9)
  The ghost of ytrimaz the Spear-Bearer, a novice FoFi (D:5)
  Prince Ribbit (D:5)
  Grum (D:8)
  A steam dragon (D:6)
  3 acid dragons
  Edmund (D:6)
  Duvessa (D:5)
  4 water moccasins
  Pargi (D:3)
  2 sky beasts (D:7)
  3 orc warriors
  An ice beast (D:5)
  A black bear (D:4)
  4 wolves (D:8)
  A phantom (D:6)
  A kobold brigand (D:7)
  2 gnoll sergeants (D:8)
  4 bullfrogs
  2 scorpions (D:5)
  5 wights (D:6)
  Dowan (D:5)
  6 killer bees
  6 hounds
  3 jellies
  A gnoll bouda (D:8)
  4 orc priests
  Jessica (D:3)
  3 iguanas (D:5)
  12 orc wizards
  3 adders
  10 gnolls
  A shadow imp (D:6)
  A white imp (D:5)
  2 worms (D:2)
  5 dart slugs
  31 orcs
  6 endoplasms
  2 giant cockroaches
  25 goblins
  8 hobgoblins
  7 jackals (D:2)
  25 kobolds
  2 quokkas
  2 ball pythons
  6 bats
  9 frilled lizards
  9 rats
240 creatures vanquished.

Vanquished Creatures (others)
  8 fungi (D:9)
  22 plants
  17 toadstools (D:4)
47 creatures vanquished.

Grand Total: 287 creatures vanquished

Notes
Turn   | Place    | Note
-------+----------+-------------------------------------------
     0 | D:1      | IdlyInterested the Demonspawn Fighter began the quest for
                  | the Orb.
     0 | D:1      | Reached XP level 1. HP: 18/18 MP: 1/1
    17 | D:1      | Reached skill level 2 in Polearms
   185 | D:1      | Gained mutation: Your demonic aura sometimes causes spilled
                  | blood to erupt in flames. [demonic ancestry]
   185 | D:1      | Reached XP level 2. HP: 24/24 MP: 2/2
   729 | D:1      | Found a faded altar of an unknown god.
   755 | D:1      | Reached skill level 3 in Polearms
   756 | D:1      | Reached XP level 3. HP: 28/29 MP: 3/3
  1292 | D:2      | Gained mutation: You have a pair of small horns on your
                  | head. [demonic ancestry]
  1292 | D:2      | Reached XP level 4. HP: 35/35 MP: 4/4
  1309 | D:2      | Reached skill level 4 in Polearms
  1312 | D:2      | Identified the +3 leather armour "Tasi" {rC+ Str+3 Int-2}
  1854 | D:3      | Noticed Pargi
  1865 | D:3      | Killed Pargi
  1866 | D:3      | Gained mutation: You have a pair of horns on your head.
                  | [demonic ancestry]
  1866 | D:3      | Reached XP level 5. HP: 34/41 MP: 5/5
  1969 | D:3      | Found a radiant altar of Vehumet.
  2017 | D:3      | Noticed Jessica
  2028 | D:3      | Killed Jessica
  2029 | D:3      | Reached skill level 5 in Polearms
  2201 | D:3      | Found Karusetax's Distillery.
  2634 | D:3      | Bought a potion of haste for 130 gold pieces
  2634 | D:3      | Bought a potion of berserk rage for 65 gold pieces
  2746 | D:4      | Noticed a black bear
  2753 | D:4      | Killed a black bear
  2754 | D:4      | Reached XP level 6. HP: 48/48 MP: 6/6
  2803 | D:4      | Found a basalt altar of Yredelemnul.
  2844 | D:4      | Found a staircase to the Ecumenical Temple.
  2861 | Temple   | Entered the Ecumenical Temple
  3054 | Temple   | Became a worshipper of Ashenzari the Shackled
  3321 | D:4      | Found a blossoming altar of Fedhas.
  3336 | D:4      | Noticed an oklob plant
  3956 | D:3      | Bought a potion of might for 52 gold pieces
  3956 | D:3      | Bought a potion of curing for 39 gold pieces
  3978 | D:5      | Entered Level 5 of the Dungeon
  4101 | D:5      | Reached skill level 6 in Polearms
  4308 | D:5      | Found a transporter.
  4309 | D:5      | Noticed an acid dragon
  4310 | D:5      | Found a transporter.
  4310 | D:5      | Noticed ytrimaz's ghost (novice FoFi)
  4350 | D:5      | Noticed Pikel
  4369 | D:5      | Killed Pikel
  4370 | D:5      | Reached skill level 7 in Polearms
  4370 | D:5      | Gained mutation: You are surrounded by a mild repulsion
                  | field. (EV +2) [demonic ancestry]
  4370 | D:5      | Reached XP level 7. HP: 36/54 MP: 4/7
  4408 | D:5      | Reached XP level 8. HP: 47/60 MP: 8/8
  4595 | D:5      | Found an iron altar of Okawaru.
  4628 | D:5      | Reached skill level 1 in Dodging
  4693 | D:5      | Found a bloodstained altar of Trog.
  4769 | D:5      | Reached skill level 8 in Polearms
  4834 | D:5      | Noticed Prince Ribbit
  4849 | D:5      | Killed Prince Ribbit
  5026 | D:5      | Noticed Duvessa
  5028 | D:5      | Noticed Dowan
  5037 | D:5      | Killed Duvessa
  5038 | D:5      | Reached skill level 1 in Stealth
  5040 | D:5      | Killed Dowan
  5272 | D:5      | Killed ytrimaz's ghost
  5273 | D:5      | Reached skill level 9 in Polearms
  5277 | D:5      | Reached skill level 1 in Throwing
  5277 | D:5      | Gained mutation: You sometimes gain a little power by
                  | taking damage. [demonic ancestry]
  5277 | D:5      | Reached XP level 9. HP: 38/65 MP: 6/9
  5690 | D:6      | Reached skill level 10 in Polearms
  5794 | D:6      | Reached skill level 1 in Evocations
  6245 | D:6      | Noticed Edmund
  6259 | D:6      | Killed Edmund
  6547 | D:6      | Found a sacrificial altar of Ru.
  6784 | D:3      | Bought a potion of haste for 130 gold pieces
  7115 | D:7      | Reached skill level 11 in Polearms
  7519 | D:8      | Found a transporter.
  7519 | D:8      | Noticed Grum
  7607 | D:8      | Gained mutation: You have a pair of large horns on your
                  | head. [demonic ancestry]
  7607 | D:8      | Reached XP level 10. HP: 28/73 MP: 7/10
  7642 | D:8      | Reached skill level 5 in Fighting
  7644 | D:8      | You are sucked into a shaft and drop 1 floor!
  7789 | D:8      | Found a flagged portal.
  7805 | Bailey   | Entered a bailey
  7857 | Bailey   | Noticed an orc warlord
  7951 | Bailey   | Reached skill level 5 in Armour
  8073 | Bailey   | Found a runed translucent gate.
  8075 | Bailey   | Found a runed translucent gate.
  8077 | Bailey   | Found a runed translucent gate.
  8084 | Bailey   | Noticed an orc knight
  8092 | Bailey   | Killed an orc knight
  8177 | Bailey   | Killed an orc warlord
  8178 | Bailey   | Reached skill level 12 in Polearms
  8463 | D:8      | Noticed JakeJacob's ghost (novice DrBe)
  8464 | D:8      | Identified the +9 spear "Gikib" {elec, Drain Str+4 Int+4
                  | Dex+2}
  8873 | D:8      | Identified the ring of Usukhlahe {Fly rPois rN+ Str+6
                  | Dex-4}
  8886 | D:8      | Found a transporter.
  9142 | D:3      | Bought a potion of curing for 39 gold pieces
  9142 | D:3      | Bought a potion of brilliance for 52 gold pieces
  9142 | D:3      | Bought a potion of brilliance for 52 gold pieces
  9266 | D:8      | Killed Grum
  9332 | D:8      | Killed JakeJacob's ghost
  9663 | D:9      | Found an opulent altar of Gozag.
  9840 | D:9      | Found Ekoush's Armour Boutique.
  9841 | D:9      | Noticed Maggie
  9852 | D:9      | Killed Maggie
  9932 | D:9      | Found a burning altar of Makhleb.
  9941 | D:9      | Noticed a skeletal warrior
  9942 | D:9      | Noticed a skeletal warrior
  9942 | D:9      | Noticed a skeletal warrior
  9958 | D:9      | Killed a skeletal warrior
  9959 | D:9      | Gained mutation: You sometimes gain power by taking damage.
                  | [demonic ancestry]
  9959 | D:9      | Reached XP level 11. HP: 23/83 MP: 7/11
  9963 | D:9      | Killed a skeletal warrior
  9965 | D:9      | Noticed a skeletal warrior
  9965 | D:9      | HP: 3/84 [skeletal warrior/+0 halberd (11)]
  9968 | D:9      | Killed a skeletal warrior
 10365 | D:9      | Noticed a skeletal warrior
 10381 | D:9      | Killed a skeletal warrior
 10409 | D:9      | Slain by a skeletal warrior

Illustrated notes

Levels and vault maps discovered:
D:1:      spicycebolla_arrival_xxxplode, layout_basic,
          dilly_ecumenical_altar_fadedgnrine
D:2:      layout_loops_ring
D:3:      layout_basic, lemuel_coloured_pillars_altar, serial_shops,
          nicolae_square_shop, uniq_jessica, uniq_pargi
D:4:      layout_basic, mainiacjoe_overflow_cross_hatched, tgw_fedhas,
          minmay_temple_entry_slanted
D:5:      layout_loops_cross, kennysheep_okawaru_gauntlet, trog_hazing_becter,
          gammafunk_ghost_arena, uniq_pikel, uniq_duvessa, uniq_prince_ribbit1
D:6:      layout_loops_cross, kennysheep_mini_moat, uniq_edmund
D:7:      layout_gridville, minmay_misc_feat_four_crosses
D:8:      layout_loops_corners, enter_bailey_5, gammafunk_ghost_gnarly_gnolls
D:9:      layout_long_grid, mainiacjoe_overflow_alcove_1, bloody_makhleb,
          minmay_lair_entry_grove, serial_shops, nicolae_shop_statue_plus,
          fungi_pond_lemuel, uniq_maggie
Temple:   hellmonk_temple_forest_ring

Skill      XL: |  1  2  3  4  5  6  7  8  9 10 11 |
---------------+----------------------------------+-----
Polearms       | 2 3 4 5 7 9 11 12 | 12.9
Fighting       | 4 6 7 |  7.4
Armour         | 4 6 7 |  7.0
Dodging        | 2 |  2.0
Stealth        | 2 |  2.0
Throwing       | 1 2 |  2.0
Evocations     | 2 |  2.0
Shields        | |  2.6

Action                   |  1- 3 |  4- 6 |  7- 9 | 10-12 || total
-------------------------+-------+-------+-------+-------++-------
Melee: Trident           |   106 |   153 |   301 |   214 ||   774
       Headbutt          |       |    24 |    46 |    37 ||   107
       Spear             |       |       |       |    57 ||    57
Throw: Dart              |     1 |     1 |       |     2 ||     4
Evoke: Wand              |       |       |       |     4 ||     4
       Condenser vane    |       |       |       |     1 ||     1
       Phial of floods   |       |       |       |     1 ||     1
  Use: Scroll            |     3 |     7 |     5 |     5 ||    20
       Potion            |       |       |     2 |     9 ||    11
 Stab: Paralysed         |       |       |       |     4 ||     4
Armor: Scale mail        |    48 |       |       |       ||    48
       Plate armour      |     2 |    62 |   140 |    41 ||   245
       Chain mail        |       |       |       |    94 ||    94
Dodge: Dodged            |    53 |    22 |   104 |   142 ||   321
Block: Buckler           |    25 |    20 |    46 |    63 ||   154

Table legend: (Time is in decaauts)
 A = Elapsed time spent in this place.
 B = Non-inter-level travel time spent in this place.
 C = Inter-level travel time spent in this place.
 D = Time resting spent in this place.
 E = Time spent auto-exploring this place.
 F = Levels seen in this place.
 G = Mean time per level.
                   A        B        C        D        E       F      G
               +--------+--------+--------+--------+--------+-----+--------+
         Total |  10325 |   8497 |   1828 |   1242 |   4669 |  11 |  938.6 |
       Dungeon |   9644 |   7843 |   1801 |   1151 |   4506 |   9 | 1071.6 |
        Temple |    208 |    181 |     27 |      0 |    163 |   1 |  208.0 |
        Bailey |    471 |    471 |      0 |     91 |      0 |   1 |  471.0 |
               +--------+--------+--------+--------+--------+-----+--------+

Top non-repeatable levels by time:
     D:5: 1639 daAuts
     D:8: 1525 daAuts
     D:6: 1286 daAuts
     D:4: 1173 daAuts
     D:1: 1109 daAuts
     D:3: 994 daAuts
     D:2: 792 daAuts
     D:9: 711 daAuts
  Bailey: 471 daAuts
     D:7: 411 daAuts
  Temple: 208 daAuts
